 Dungeon Crawl Stone Soup version 0.29.1-1-gd02db69 (webtiles) character file.

Game seed: 11338414827414758509

3683 Dorkslayer the Basher (level 10, -9/88 HPs)
             Began as a Hill Orc Fighter on Oct 22, 2022.
             Was an Initiate of Gozag.
             Mangled by an orc knight
             ... wielding a +0 glaive
              (22 damage)
             ... in a bailey.
             The game lasted 00:16:52 (7240 turns).

Dorkslayer the Basher (Hill Orc Fighter)            Turns: 7240, Time: 00:16:53

Health: -9/88      AC: 17    Str: 29    XL:     10   Next: 13%
Magic:  19/19      EV: 12    Int:  8    God:    Gozag
Gold:   620        SH: 10    Dex: 15    Spells: 9/9 levels left

rFire   . . .      SeeInvis .   p - +7 mace of Bokegypn {venom, Str+3}
rCold   . . .      Faith    .   c - +0 buckler
rNeg    . . .      Spirit   .   E - +0 plate armour
rPois   .          Reflect  +   (no helmet)
rElec   .          Harm     .   D - +0 cloak
rCorr   .          Rampage  .   u - +1 pair of gloves of Polish {*Slow MP+9 Str+4 Dex+3}
Will    .....                   B - +0 pair of boots
Stlth   ..........              s - amulet of reflection
HPRegen 0.24/turn               C - +4 ring of evasion
MPRegen 0.16/turn               (no ring)

@: mighty, gold aura
A: no striking features
a: Renounce Religion, Potion Petition, Call Merchant, Bribe Branch


You were in a bailey.
You worshipped Gozag.
Gozag was pleased with you.
You visited 2 branches of the dungeon, and saw 9 of its levels.
You also visited: Bailey.

You collected 717 gold pieces.
You paid 97 gold pieces to Gozag.

Inventory:

Hand Weapons
 a - a +0 long sword
 p - the +7 mace of Bokegypn (weapon) {venom, Str+3}
   (You found it on level 2 of the Dungeon)

   It poisons the flesh of those it strikes.
   Str:       It affects your strength (+3).
Missiles
 n - 7 boomerangs (quivered)
 x - 4 javelins
 y - a throwing net
Armour
 c - a +0 buckler (worn)
 u - the +1 pair of gloves of Polish (worn) {*Slow MP+9 Str+4 Dex+3}
   (You found it on level 3 of the Dungeon)

   Str:       It affects your strength (+4).
   Dex:       It affects your dexterity (+3).
   MP:        It affects your magic capacity (+9).
   *Slow:     It may slow you when you take damage.
 B - a +0 pair of boots (worn)
 D - a +0 cloak (worn)
 E - a +0 plate armour (worn)
Jewellery
 s - an amulet of reflection (around neck)
 C - a +4 ring of evasion (left hand)
Wands
 v - a wand of acid (10)
Scrolls
 f - 5 scrolls of teleportation
 g - a scroll of amnesia
 h - a scroll of butterflies {unknown}
 i - a scroll of noise {unknown}
 j - a scroll of enchant weapon {unknown}
 k - a scroll of magic mapping
 l - 2 scrolls of enchant armour {unknown}
 m - 2 scrolls of fear {unknown}
 q - 3 scrolls of immolation
 w - a scroll of vulnerability {unknown}
 z - a scroll of silence {unknown}
Potions
 b - 2 potions of brilliance
 d - a potion of might
 e - a potion of resistance
 o - 3 potions of flight


   Skills:
 * Level 7.7 Fighting
 + Level 2.8 Long Blades
 * Level 9.6 Maces & Flails
 + Level 1.2 Throwing
 + Level 6.7 Armour
 + Level 2.1 Dodging
 + Level 0.7 Stealth
 + Level 6.0 Shields
 * Level 4.9 Evocations


You had 9 spell levels left.
You didn't know any spells.
Your spell library contained the following spells:

 Spells                   Type           Power      Damage    Failure   Level
 Apportation              Tloc           0%         N/A       99%         1
 Beastly Appendage        Tmut           0%         N/A       99%         1
 Necrotise                Necr           0%         1d4       99%         1
 Summon Small Mammal      Summ           0%         N/A       99%         1
 Static Discharge         Conj/Air       0%         3-3/arc   100%        2
 Wereblood                Tmut           0%         N/A       100%        2
 Gell's Gravitas          Tloc           0%         N/A       100%        3
 Lesser Beckoning         Tloc           0%         N/A       100%        3
 Spider Form              Tmut/Pois      0%         N/A       100%        3
 Teleport Other           Tloc           0%         N/A       100%        3
 Dispel Undead            Necr           0%         3d6       100%        4
 Sticky Flame             Conj/Fire      0%         2d3       100%        4


Dungeon Overview and Level Annotations

Branches:
Dungeon (8/15)             Temple (1/1) D:6          Bailey (1/1)
   Lair: D:8-11

Altars:
Ashenzari
Cheibriados
Fedhas
Gozag
Hepliaklqana
Kikubaaqudgha
Nemelex Xobeh
Okawaru
Qazlal
Ru
Sif Muna
Trog
Uskayaw
Wu Jian
Xom
Yredelemnul


Message History

The orc warrior is moderately wounded.
The bolt of acid hits the orc warrior!
The acid corrodes the orc warrior!
The orc warrior is severely wounded.
The orc knight roars a battlecry!
The orc warrior goes into a battle-frenzy!
Unknown command.
The orc warrior hits you with a +0 glaive!
The orc warrior closely misses you.
You sock the orc warrior!
The orc warrior is poisoned.
The orc warrior is severely wounded.
You block the orc knight's attack.
The orc warrior hits you with a +0 glaive! x2
Unknown command.
You closely miss the orc warrior.
The orc warrior is severely wounded.
The orc knight barely misses you. The orc warrior closely misses you.
The orc warrior barely misses you.
You thump the orc warrior!
You kill the orc warrior!
The orc knight hits you with a +0 glaive.
The orc warrior closely misses you.
You bludgeon the orc warrior!!
You kill the orc warrior!
You hear a splash. x2
The orc knight hits you with a +0 glaive!
* * * LOW HITPOINT WARNING * * *
You thump the orc knight!
The orc knight is poisoned.
The orc knight is heavily wounded.
The orc knight splashes around in the water.
You bludgeon the orc knight!!
The orc knight looks as sick as possible!
The orc knight is almost dead.
The orc knight hits you with a +0 glaive!
* * * LOW HITPOINT WARNING * * *
You hit the orc knight.
The orc knight looks as sick as possible!
The orc knight is almost dead.
The orc knight hits you with a +0 glaive!!
You die...
Your body crumbles into a pile of gold.

.~~..##.##..≈§.....≈§ ##.##..~~.
.~..##...##..≈≈§.≈≈§. #.$.##..~.
.~.##.....+#......... $$$.##$~.
.~.########## ##########.~.
.~..).......## ##.....)....~.
.~~~~~$~~~~..## ##..~~~~~~)~$$.
..........~~..## ##..~~..........
#########..~~.)###..~~..######..#
##..~~.$@..~~..## ##..
##..~~~$o~~..## #..#
##.........## ##∩∩ ###########
###


You could see an orc knight (extremely poisoned, corroded).

Vanquished Creatures
  Pikel (D:4)
  A troll (D:7)
  Prince Ribbit (D:7)
  An acid dragon (D:8)
  Duvessa (D:7)
  A water moccasin (D:5)
  A sky beast (D:7)
  2 ice beasts
  5 orc warriors
  An ogre (D:5)
  2 centaurs (D:5)
  A phantom (D:5)
  A lemure (D:4)
  A bullfrog (D:7)
  3 scorpions
  Dowan (D:7)
  12 killer bees
  A jelly (D:7)
  2 hounds (D:5)
  4 orc priests
  2 iguanas
  4 orc wizards
  3 adders
  2 shadow imps
  4 white imps
  An ufetubus (D:4)
  A worm (D:3)
  4 dart slugs
  27 orcs
  5 bats
  8 endoplasms
  3 giant cockroaches
  8 goblins
  11 hobgoblins
  2 jackals (D:1)
  5 kobolds
  4 quokkas
  8 ball pythons
  3 frilled lizards
  6 rats
154 creatures vanquished.

Vanquished Creatures (others)
  A plant (D:3)
1 creature vanquished.

Grand Total: 155 creatures vanquished

Notes
Turn   | Place    | Note
-------+----------+-------------------------------------------
     0 | D:1      | Dorkslayer the Hill Orc Fighter began the quest for the
                  | Orb.
     0 | D:1      | Reached XP level 1. HP: 19/19 MP: 1/1
   266 | D:1      | Reached XP level 2. HP: 21/27 MP: 2/2
  1103 | D:2      | Reached XP level 3. HP: 13/33 MP: 3/3
  1514 | D:2      | Identified the +7 mace of Bokegypn {venom, Str+3}
  1545 | D:2      | Reached skill level 1 in Dodging
  1588 | D:2      | Identified the +6 dagger of Yxeetoi {protect, Fly rPois
                  | Int+3 Dex+2}
  1861 | D:2      | Found a faded altar of an unknown god.
  2064 | D:3      | Reached XP level 4. HP: 40/40 MP: 4/4
  2109 | D:3      | Found a faded altar of an unknown god.
  2112 | D:3      | Found a hide-covered altar of Uskayaw.
  2319 | D:3      | Found a stormy altar of Qazlal.
  2321 | D:3      | Noticed an air elemental
  2322 | D:3      | Noticed a water elemental
  2322 | D:3      | Noticed a fire elemental
  2322 | D:3      | Noticed an earth elemental
  2734 | D:3      | Identified the +1 pair of gloves of Polish {*Slow MP+9
                  | Str+4 Dex+3}
  3037 | D:4      | Noticed a lemure
  3059 | D:4      | Killed a lemure
  3208 | D:4      | Reached skill level 1 in Maces & Flails
  3208 | D:4      | Reached skill level 1 in Throwing
  3208 | D:4      | Reached XP level 5. HP: 46/46 MP: 5/5
  3275 | D:4      | Reached skill level 2 in Maces & Flails
  3347 | D:4      | Noticed Pikel
  3349 | D:4      | Noticed a lemure
  3350 | D:4      | Noticed a lemure
  3350 | D:4      | Noticed a lemure
  3367 | D:4      | Killed Pikel
  3368 | D:4      | Reached skill level 4 in Maces & Flails
  3368 | D:4      | Reached XP level 6. HP: 15/55 MP: 6/6
  3368 | D:4      | Reached XP level 7. HP: 17/60 MP: 7/7
  3374 | D:4      | Reached skill level 5 in Fighting
  3925 | D:4      | Found a hazy altar of Hepliaklqana.
  4074 | D:5      | Entered Level 5 of the Dungeon
  4102 | D:5      | Reached skill level 5 in Maces & Flails
  4128 | D:5      | Reached skill level 5 in Armour
  4165 | D:5      | Reached XP level 8. HP: 68/68 MP: 8/8
  4249 | D:5      | Reached skill level 6 in Maces & Flails
  4412 | D:5      | Reached skill level 7 in Maces & Flails
  4560 | D:5      | Found a sacrificial altar of Ru.
  4561 | D:5      | Found an iron altar of Okawaru.
  4783 | D:5      | Reached XP level 9. HP: 75/78 MP: 9/9
  5187 | D:6      | Found a staircase to the Ecumenical Temple.
  5198 | Temple   | Entered the Ecumenical Temple
  5242 | Temple   | Became a worshipper of Gozag Ym Sagoz the Greedy
  5361 | D:6      | Found an ancient bone altar of Kikubaaqudgha.
  6024 | D:7      | Reached skill level 5 in Shields
  6134 | D:7      | Noticed Prince Ribbit
  6144 | D:7      | Killed Prince Ribbit
  6145 | D:7      | Reached skill level 8 in Maces & Flails
  6313 | D:7      | Noticed Duvessa
  6313 | D:7      | Noticed Dowan
  6324 | D:7      | Killed Duvessa
  6328 | D:7      | Killed Dowan
  6709 | D:7      | Noticed a troll
  6719 | D:7      | Killed a troll
  6720 | D:7      | Reached skill level 9 in Maces & Flails
  7056 | D:8      | Reached XP level 10. HP: 83/86 MP: 10/10
  7067 | D:8      | Found a flagged portal.
  7076 | Bailey   | Entered a bailey
  7175 | Bailey   | Noticed an orc knight
  7240 | Bailey   | Mangled by an orc knight

Illustrated notes

Levels and vault maps discovered:
D:1:      nzn_arrival_depleted_hourglass, layout_basic
D:2:      layout_loops_ring, hellmonk_ecumenical_altar_pennies_from_heaven
D:3:      layout_basic, nicolae_qazlal_style_of_elements,
          nicolae_overflow_ecumenical_swirl, minmay_fountain_box,
          guppyfry_early_lair_pool
D:4:      layout_cave_pods, lemuel_round_altar, minmay_misc_feat_room,
          uniq_pikel
D:5:      cheibrodos_quashed, layout_gridville, minitemple
D:6:      layout_gridville, old_standard_altar, minmay_temple_entry_statues
D:7:      layout_loops_ring, minmay_misc_feat_alley, uniq_prince_ribbit1,
          uniq_duvessa
D:8:      layout_basic, enter_bailey_3, chequers_ossuary_entry_cave,
          serial_shops, shop
Temple:   cyrus_temple_forest
Bailey:   bailey_polearm_1, bailey

Skill      XL: |  1  2  3  4  5  6  7  8  9 10 |
---------------+-------------------------------+-----
Fighting       | 4 5 6 7 |  7.7
Dodging        | 1 2 |  2.1
Maces & Flails | 1 4 5 7 9 |  9.6
Throwing       | 1 |  1.2
Armour         | 4 5 6 |  6.7
Shields        | 4 5 6 |  6.0
Evocations     | 2 3 4 |  4.9
Long Blades    | |  2.8
Stealth        | |  0.7

Action                   |  1- 3 |  4- 6 |  7- 9 | 10-12 || total
-------------------------+-------+-------+-------+-------++-------
Melee: Long sword        |   100 |       |       |       ||   100
       Mace              |    17 |    49 |   197 |    42 ||   305
Throw: Boomerang         |       |       |     3 |       ||     3
Evoke: Wand              |       |       |       |     2 ||     2
  Use: Scroll            |       |     4 |     9 |       ||    13
       Potion            |       |     1 |       |     3 ||     4
Armor: Scale mail        |    64 |    10 |       |       ||    74
       Fire dragon scale |       |    17 |    82 |       ||    99
       Plate armour      |       |       |     7 |     8 ||    15
Dodge: Dodged            |    63 |    22 |    72 |    27 ||   184
Block: Buckler           |    27 |    28 |    98 |    29 ||   182
       Reflection        |       |     1 |     4 |       ||     5
